 Dungeon Crawl Stone Soup version 0.31-a0-853-gc9b61b78f7 (webtiles) character file.

Game seed: 18390360256573927674

441 CrazyBamboolord the Trooper (level 7, -7/75 HPs)
             Began as an Ogre Fighter on Oct 8, 2023.
             Mangled by an ogre
             ... wielding a +0 giant club
              (29 damage)
             ... on level 4 of the Dungeon.
             The game lasted 00:05:56 (4044 turns).

CrazyBamboolord the Trooper (Ogre Fighter)          Turns: 4044, Time: 00:05:57

Health: -7/75      AC:  6    Str: 23    XL:     7   Next: 2%
Magic:  0/7        EV:  9    Int:  9    God:
Gold:   39         SH:  8    Dex:  8    Spells: 6/6 levels left

rFire   . . .        a - +0 war axe
rCold   + . .        c - +0 kite shield
rNeg    . . .        t - +2 robe {Will+}
rPois   .            (helmet restricted)
rElec   .            p - +0 cloak
rCorr   .            (gloves unavailable)
SInv    .            (boots unavailable)
Will    +....        u - amulet of guardian spirit
Stlth   +            (no ring)
HPRegen 0.32/turn    (no ring)
MPRegen 0.10/turn

%: guardian spirit
@: no status effects
A: large, unfitting armour, tough skin 1, cold resistance 1, no potion heal 1
a: no special abilities


You were on level 4 of the Dungeon.
You visited 1 branch of the dungeon, and saw 5 of its levels.

You collected 343 gold pieces.
You spent 304 gold pieces at shops.

Inventory:

Hand Weapons
 a - a +0 war axe (weapon)
Missiles
 o - a throwing net
Armour
 c - a +0 kite shield (worn)
 p - a +0 cloak (worn)
 t - a +2 robe of willpower (worn)
Jewellery
 u - an amulet of guardian spirit (around neck)
Wands
 n - a wand of mindburst (11)
 q - a wand of roots (6)
Scrolls
 b - a scroll of enchant armour {unknown}
 d - 2 scrolls of torment {unknown}
 e - a scroll of poison {unknown}
 f - 5 scrolls of teleportation
 h - 2 scrolls of revelation
 j - 2 scrolls of fog
 s - a scroll of silence {unknown}
 v - a scroll of enchant weapon {unknown}
Potions
 g - a potion of invisibility
 i - 2 potions of curing
 k - 2 potions of heal wounds
 l - a potion of might
 m - a potion of degeneration {unknown}
 r - a potion of lignification {unknown}


   Skills:
 * Level 6.1 Fighting
 * Level 3.9 Axes
 * Level 4.1 Dodging
 * Level 4.6 Shields


You had 6 spell levels left.
You didn't know any spells.
Your spell library contained the following spells:

 Spells                   Type           Power      Damage    Failure   Level
 Chain Lightning          Conj/Air       0%         N/A       100%        9
 Fire Storm               Conj/Fire      0%         5d1       100%        9
 Shatter                  Erth           0%         3d5*      100%        9


Dungeon Overview and Level Annotations

Branches:
Dungeon (5/15)
 Temple: D:4-7

Altars:
Qazlal
Ru
Xom
The Shining One

Shops:
D:1 *   D:2 !   D:4 *[[

Annotations:
D:5 Grinder


Innate Abilities, Weirdness & Mutations

You are too large for most types of armour.
You have tough skin. (AC +1)
Your flesh is cold resistant. (rC+)
Potions are less effective at restoring your health.


Message History

The iguana hisses angrily.
Grinder blinks!
There is a stone staircase leading up here.
The ogre hits you with a +0 giant club!
You climb upwards.
There is a stone staircase leading down here.
You hit the ogre.
The ogre is lightly wounded.
The ogre hits you with a +0 giant club.
You hit the ogre.
The ogre is lightly wounded.
You block the ogre's attack.
You hit the ogre.
The ogre is moderately wounded.
The ogre hits you with a +0 giant club.
You hit the ogre.
The ogre is moderately wounded.
You block the ogre's attack.
You hit the ogre.
The ogre is heavily wounded.
You block the ogre's attack.
You hit the ogre.
The ogre is heavily wounded.
The ogre hits you with a +0 giant club!!
You hit the ogre.
The ogre is severely wounded.
The ogre hits you with a +0 giant club!!
* * * LOW HITPOINT WARNING * * *
You hit the ogre but do no damage.
The ogre is severely wounded.
You block the ogre's attack.
Your system partially rejects the healing.
You feel much better.
You slash the ogre!
The ogre is almost dead.
The ogre closely misses you.
You hit the ogre but do no damage.
The ogre is almost dead.
The ogre hits you with a +0 giant club!!
You die...

##..## #########.
#...#####.....#...
#####.....#.......##..
#......##..##.....#...
####.....###..##.....#...
##..##...## #.........#...
#####........# ##.............
##.##.........###...##....<....
#...##........@###.###.........
#......#.#.....O#...#..........
##..###.#.#........#......##...#
#...# #......#............###...
##...####.....###...#......##....
#......#......###..###..#........
..........#........##..##........
##.....##.###......##..#.........
.......####............#.........


You could see an ogre.

Vanquished Creatures
  Sigmund (D:2)
  A jelly (D:4)
  A hound (D:4)
  Ijyb (D:3)
  An orc wizard (D:4)
  3 gnolls (D:3)
  5 adders
  4 worms
  3 dart slugs
  9 orcs
  3 bats (D:1)
  4 endoplasms
  3 giant cockroaches
  9 goblins
  8 hobgoblins
  8 kobolds
  6 quokkas
  5 ball pythons
  2 frilled lizards
  6 rats
83 creatures vanquished.

Notes
Turn   | Place    | Note
-------+----------+-------------------------------------------
     0 | D:1      | CrazyBamboolord the Ogre Fighter began the quest for the
                  | Orb.
     0 | D:1      | Reached XP level 1. HP: 24/24 MP: 1/1
   200 | D:1      | Reached XP level 2. HP: 32/32 MP: 2/2
   217 | D:1      | You fall into a shaft and drop 1 floor!
   338 | D:2      | Noticed Sigmund
   346 | D:2      | HP: 1/32 [Sigmund/+0 scythe (10)]
   347 | D:2      | Gained mutation: Potions are less effective at restoring
                  | your health. [potion of mutation]
   347 | D:2      | Gained mutation: Your flesh is cold resistant. (rC+)
                  | [potion of mutation]
   360 | D:2      | Killed Sigmund
   361 | D:2      | Reached skill level 5 in Fighting
   361 | D:2      | Reached XP level 3. HP: 22/42 MP: 3/3
   361 | D:2      | Reached XP level 4. HP: 27/50 MP: 4/4
   361 | D:2      | Reached XP level 5. HP: 30/57 MP: 5/5
   662 | D:2      | Identified the +9 dagger of the Stained God {vamp, rElec
                  | Will- Int+7}
  1057 | D:1      | Found Morynepp's General Store.
  1069 | D:1      | Bought a scroll of identify for 26 gold pieces
  1564 | D:2      | Found Ucwix's Distillery.
  1573 | D:2      | Found a glowing golden altar of the Shining One.
  1686 | D:2      | Bought a potion of heal wounds for 70 gold pieces
  1710 | D:2      | Reached XP level 6. HP: 64/66 MP: 6/6
  2014 | D:3      | Noticed Ijyb
  2031 | D:3      | Killed Ijyb
  2624 | D:3      | Found a faded altar of an unknown god.
  2642 | D:3      | Found a shimmering altar of Xom.
  3064 | D:4      | Found Acari's Assorted Antiques.
  3103 | D:4      | Found Pypsianu's Antique Armour Shop.
  3153 | D:2      | Bought a potion of heal wounds for 70 gold pieces
  3389 | D:4      | Reached skill level 6 in Fighting
  3461 | D:4      | Found Orhebuc's Antique Armour Shoppe.
  3486 | D:4      | Bought a runed robe for 96 gold pieces
  3662 | D:4      | Reached XP level 7. HP: 70/75 MP: 7/7
  3821 | D:4      | Found a stormy altar of Qazlal.
  3821 | D:4      | Found a sacrificial altar of Ru.
  3957 | D:2      | Bought a potion of curing for 42 gold pieces
  4016 | D:5      | Entered Level 5 of the Dungeon
  4021 | D:5      | Noticed Grinder
  4044 | D:4      | Mangled by an ogre

Illustrated notes

Levels and vault maps discovered:
D:1:      zelgadis_glass_arrival_small, layout_basic, serial_glass,
          glass_columns_c, glass_columns_a, serial_shops, shop
D:2:      minmay_general_purpose_star, layout_basic, serial_shops, shop,
          basic_altar, uniq_sigmund
D:3:      layout_loops_ring, mainiacjoe_overflow_tiny_flanked,
          dreamdust_ecumenical_altar_statues, minivault_23, uniq_ijyb
D:4:      layout_cave_pools, nicolae_overflow_two_pavilions, serial_shops,
          nicolae_shop_overgrown_old_shop, shop_coins,
          nicolae_shop_overgrown_old_shop
D:5:      layout_rooms, uniq_grinder

Skill      XL: |  1  2  3  4  5  6 |
---------------+-------------------+-----
Fighting       | 5 6 |  6.1
Axes           | 3 |  3.9
Dodging        | 3 4 |  4.1
Shields        | 4 |  4.6

Action                     |  1- 3 |  4- 6 |  7- 9 || total
---------------------------+-------+-------+-------++-------
  Melee: War axe           |    37 |   258 |    13 ||   308
    Use: Potion            |     3 |       |     1 ||     4
         Scroll            |       |     4 |       ||     4
 Armour: Robe              |    23 |   157 |     8 ||   188
  Dodge: Dodged            |    25 |   106 |     1 ||   132
  Block: Kite shield       |    13 |   104 |     5 ||   122

Table legend: (Time is in decaauts)
 A = Elapsed time spent in this place.
 B = Non-inter-level travel time spent in this place.
 C = Inter-level travel time spent in this place.
 D = Time resting spent in this place.
 E = Time spent auto-exploring this place.
 F = Levels seen in this place.
 G = Mean time per level.
                   A        B        C        D        E       F      G
               +--------+--------+--------+--------+--------+-----+--------+
         Total |   4189 |   3926 |    263 |      0 |   3134 |   5 |  837.8 |
       Dungeon |   4189 |   3926 |    263 |      0 |   3134 |   5 |  837.8 |
               +--------+--------+--------+--------+--------+-----+--------+

Top non-repeatable levels by time:
     D:2: 1441 daAuts
     D:3: 1149 daAuts
     D:4: 849 daAuts
     D:1: 732 daAuts
     D:5: 16 daAuts
